 Dungeon Crawl Stone Soup version 0.21.1-1-g345015f (webtiles) character file.

35 Iko the Caller (level 3, -4/27 HPs)
             Began as a Minotaur Summoner on May 8, 2018.
             Slain by a worker ant (5 damage)
             ... on level 5 of the Dungeon.
             The game lasted 00:07:05 (594 turns).

Iko the Caller (Minotaur Summoner)                   Turns: 594, Time: 00:07:06

Health: -4/27      AC:  8    Str: 12    XL:     3   Next: 17%
Magic:  4/4        EV:  5    Int: 12    God:
Gold:   88         SH:  0    Dex: 11    Spells: 4/5 levels left

rFire    . . .     SeeInvis .   d - +0 whip
rCold    . . .     Gourm    .   (no shield)
rNeg     . . .     Faith    .   f - +0 chain mail
rPois    .         Spirit   .   (helmet restricted)
rElec    .         Reflect  .   (no cloak)
rCorr    .         Harm     .   (no gloves)
MR       .....                  (no boots)
Stlth    ..........             (no amulet)
HPRegen  0.09/turn              (no ring)
MPRegen  0.09/turn              (no ring)

@: lethally poisoned (-4 -> -16)
A: retaliatory headbutt, horns 2
a: no special abilities


You were on level 5 of the Dungeon.
You were not hungry.

You visited 1 branch of the dungeon, and saw 5 of its levels.

You collected 88 gold pieces.

Inventory:

Hand Weapons
 d - a +0 whip (weapon)
Armour
 f - a +0 chain mail (worn)
Scrolls
 e - a scroll of immolation
Books
 b - a book of Callings

   Spells                             Type                      Level
   a - Summon Small Mammal            Summoning                    1
   b - Call Imp                       Summoning                    2
   c - Call Canine Familiar           Summoning                    3
   d - Summon Guardian Golem          Hexes/Summoning              3
   e - Summon Lightning Spire         Summoning/Air                4
   f - Summon Ice Beast               Ice/Summoning                4
Comestibles
 c - 2 rations


   Skills:
 + Level 0.4 Fighting
 + Level 1.2 Maces & Flails
 + Level 0.2 Armour
 + Level 2.5 Dodging
 + Level 1.6 Stealth
 + Level 0.2 Unarmed Combat
 + Level 1.5 Spellcasting
 + Level 3.3 Summonings


You had 4 spell levels left.
You knew the following spells:

 Your Spells              Type           Power        Failure   Level  Hunger
a - Summon Small Mammal   Summ           #...         98%         1    ##.....


Dungeon Overview and Level Annotations

Branches:
Dungeon (5/15)
 Temple: D:4-7

Altars:


Innate Abilities, Weirdness & Mutations

You reflexively headbutt those who attack you in melee.
You have a pair of horns on your head.


Message History

You feel sick. The worker ant closely misses you.
The adder zombie bites you but does no damage.
The shadow imp hits you.
* * * LOW HITPOINT WARNING * * *
The worker ant bites you but does no damage.
You hit the adder zombie.
The adder zombie is moderately damaged.
* * * LOW HITPOINT WARNING * * *
You feel sick. The adder zombie bites you.
* * * LOW HITPOINT WARNING * * *
The worker ant bites you but does no damage.
The shadow imp hits you but does no damage.
Your chain mail prevents you from hitting the adder zombie.
Your headbutt misses the adder zombie.
The adder zombie is moderately damaged.
* * * LOW HITPOINT WARNING * * *
You feel sick.
The adder zombie bites you but does no damage.
The worker ant bites you.
You die...

# #. # #.#
##.##. ..#
#..%...
#.#....#
...#####5#
.......Z@#
#######a##
#.# .. #..
.# #.# .#
#.) .##
#.# .. #.#
.#


You could see a worker ant, a shadow imp and an adder zombie.

Vanquished Creatures
  An adder (D:2)
  A worm (D:3)
  A dart slug (D:1)
  2 leopard geckos (D:1)
  An orc (D:3)
  4 goblins
  A hobgoblin (D:1)
  3 bats
  2 frilled lizards (D:1)
  4 kobolds
  A rat (D:3)
21 creatures vanquished.

Notes
Turn   | Place    | Note
-------+----------+-------------------------------------------
     0 | D:1      | Iko the Minotaur Summoner began the quest for the Orb.
     0 | D:1      | Reached XP level 1. HP: 14/14 MP: 1/1
    49 | D:1      | Reached skill level 3 in Summonings
    77 | D:2      | Learned a level 1 spell: Summon Small Mammal
   247 | D:1      | Reached XP level 2. HP: 8/20 MP: 0/3
   412 | D:1      | HP: 1/20 [leopard gecko (1)]
   448 | D:2      | Reached XP level 3. HP: 25/27 MP: 4/4
   518 | D:3      | Reached skill level 1 in Maces & Flails
   565 | D:5      | Entered Level 5 of the Dungeon
   594 | D:5      | HP: 1/27 [poisoned by a worker ant]
   594 | D:5      | Slain by a worker ant

Skill      XL: |  1  2  3 |
---------------+----------+-----
Summonings     | 3 |  3.3
Maces & Flails | 1 |  1.2
Fighting       | |  0.4
Armour         | |  0.2
Dodging        | |  2.5
Stealth        | |  1.6
Unarmed Combat | |  0.2
Spellcasting   | |  1.5

Action                   || total
-------------------------++-------
Melee: Whip              ||    78
       Headbutt          ||     8
       Unarmed           ||     3
  Use: Scroll            ||     5
       Potion            ||     2
Armor: Chain mail        ||    52
Dodge: Dodged            ||    29
